 Dungeon Crawl Stone Soup version 0.22-a0-166-g5351223 (webtiles) character file.

1827 Azzok the Fighter (level 9, -2/61 HPs)
             Began as a Gargoyle Fighter on Feb 13, 2018.
             Was a Priest of Okawaru.
             Splashed by a jelly's acid (8 damage)
             ... on level 5 of the Dungeon.
             The game lasted 00:07:56 (4045 turns).

Azzok the Fighter (Gargoyle Fighter)                Turns: 4045, Time: 00:07:56

Health: -2/61      AC:  3    Str: 24    XL:     9   Next: 11%
Magic:  13/13      EV: 10    Int:  8    God:    Okawaru [***...]
Gold:   256        SH:  0    Dex:  9    Spells: 8/8 levels left

rFire    . . .     SeeInvis +   a - +0 long sword
rCold    . . .     Gourm    .   (no shield)
rNeg     + . .     Faith    .   H - +0 chain mail {MR+}
rPois    ∞         Spirit   .   u - +2 helmet
rElec    +         Reflect  .   (no cloak)
rCorr    .         Harm     .   o - +0 pair of gloves
MR       +....                  (no boots)
Stlth    ..........             (no amulet)
HPRegen  0.20/turn              k - ring of see invisible
MPRegen  0.13/turn              G - +2 ring of evasion

@: corroded
A: negative energy resistance 1, electricity resistance, unbreathing,
petrification resistance, rot immunity, AC +6
a: Heroism, Renounce Religion


You were on level 5 of the Dungeon.
You worshipped Okawaru.
Okawaru was most pleased with you.
You were not hungry.

You visited 1 branch of the dungeon, and saw 5 of its levels.

You collected 256 gold pieces.

Inventory:

Hand Weapons
 a - a +0 long sword (weapon)
 d - a +0 antimagic war axe
 v - a +0 shortbow
 E - a +1 short sword of holy wrath
Missiles
 m - 57 arrows
Armour
 c - a +0 shield
 o - a +0 pair of gloves (worn)
 u - a +2 helmet (worn)
 H - a +0 chain mail of magic resistance (worn)
Jewellery
 e - an uncursed ring of fire
 k - a ring of see invisible (left hand)
 G - a +2 ring of evasion (right hand)
Wands
 b - a wand of paralysis (9)
 y - a wand of clouds (2)
Scrolls
 i - 2 scrolls of immolation {unknown}
 l - a scroll of blinking {unknown}
 n - 3 scrolls of remove curse {unknown}
 p - 4 scrolls of identify {unknown}
 r - 2 scrolls of enchant weapon {unknown}
 s - 3 scrolls of teleportation {unknown}
 t - a scroll of amnesia {unknown}
 x - 3 scrolls of fog {unknown}
 z - a scroll of fear {unknown}
Potions
 h - a potion of mutation {unknown}
 j - a potion of curing {unknown}
 q - 4 potions of heal wounds {unknown}
 w - a potion of haste
 A - a potion of cancellation {unknown}
 D - 2 potions of flight {unknown}
 F - a potion of degeneration {unknown}
Comestibles
 f - 8 rations
 C - 11 chunks of flesh


   Skills:
 + Level 9.4 Fighting
 - Level 1.7 Long Blades
 + Level 6.2 Bows
 - Level 3.2 Armour
 - Level 3.2 Shields
 + Level 5.3 Invocations


You had 8 spell levels left.
You didn't know any spells.

Dungeon Overview and Level Annotations

Branches:
Dungeon (5/15)
 Temple: D:4-7

Altars:
Hepliaklqana
Kikubaaqudgha
Okawaru
Sif Muna
Trog
Yredelemnul


Innate Abilities, Weirdness & Mutations

You are resistant to torment.
Your stone body is resilient. (AC +6)
You are immune to poison.
You resist negative energy. (rN+)
You are resistant to electric shocks. (rElec)
You can survive without breathing.
You are immune to petrification.
You are immune to rotting.


Message History

You hit the jelly but do no damage.
Your hands burn!
The jelly is severely wounded.
The jelly hits you. The acid corrodes you!
You are splashed with acid!
The acid burns!
The jelly hits you.
You are splashed with acid!
The acid burns!
* * * LOW HITPOINT WARNING * * *
You hit the jelly but do no damage.
Your hands burn!
* * * LOW HITPOINT WARNING * * *
The jelly is severely wounded.
The jelly hits you but does no damage.
You hit the jelly but do no damage. The acid corrodes you!
Your hands burn!
* * * LOW HITPOINT WARNING * * *
The jelly is severely wounded.
The jelly hits you but does no damage.
You hit the jelly but do no damage.
Your hands burn!
* * * LOW HITPOINT WARNING * * *
The jelly is severely wounded.
The jelly hits you.
* * * LOW HITPOINT WARNING * * *
You are splashed with acid!
The acid burns!
You die...

········>·▒▒
···········▒▒
···†········▒
····[·······▒
······[······▒
··············▒
▒··········J···▒
▒·····<···@···▒
▒▒············▒▒
············▒▒▒
▒·▒··········▒
··▒·▒··········▒
▒··············▒
▒▒▒······>·······▒
▒················▒
·················▒


You could see a jelly.

Vanquished Creatures
  Pikel (D:5)
  The ghost of kegs the Skirmisher, an amateur HOFi (D:4)
  Grinder (D:4)
  Duvessa (D:5)
  A phantom (D:4)
  An ogre (D:5)
  2 centaurs
  Dowan (D:5)
  A scorpion (D:4)
  2 orc priests (D:4)
  A bullfrog skeleton (D:4)
  2 hounds (D:4)
  Ijyb (D:3)
  3 orc wizards
  2 worker ants
  Robin (D:2)
  5 adders
  An ooze (D:1)
  3 worms
  3 dart slugs
  2 leopard geckos
  7 orcs
  8 bats
  3 giant cockroaches
  6 goblins
  6 hobgoblins
  7 kobolds
  3 quokkas
  2 frilled lizards (D:1)
  12 rats
90 creatures vanquished.

Vanquished Creatures (others)
  A slave (D:5)
  An orc priest (D:5)
  An orc wizard (D:5)
  A giant cockroach (D:5)
4 creatures vanquished.

Grand Total: 94 creatures vanquished

Notes
Turn   | Place    | Note
-------+----------+-------------------------------------------
     0 | D:1      | Azzok the Gargoyle Fighter began the quest for the Orb.
     0 | D:1      | Reached XP level 1. HP: 14/14 MP: 1/1
    52 | D:1      | Reached skill level 4 in Fighting
    52 | D:1      | Reached XP level 2. HP: 20/20 MP: 2/2
   649 | D:2      | Reached XP level 3. HP: 24/24 MP: 3/3
   686 | D:2      | Noticed Robin
   699 | D:2      | Killed Robin
   871 | D:2      | Reached skill level 5 in Fighting
  1004 | D:2      | Noticed a moth of wrath
  1006 | D:2      | Found a bloodstained altar of Trog.
  1138 | D:2      | Reached XP level 4. HP: 30/31 MP: 4/4
  1312 | D:2      | Found a faded altar of an unknown god.
  1501 | D:3      | Noticed a centaur
  1519 | D:3      | Killed a centaur
  1519 | D:3      | Reached skill level 6 in Fighting
  1519 | D:3      | Reached XP level 5. HP: 16/37 MP: 5/5
  1727 | D:3      | Noticed Ijyb
  1733 | D:3      | Killed Ijyb
  1752 | D:3      | Reached skill level 1 in Bows
  1820 | D:2      | Found a hazy altar of Hepliaklqana.
  2000 | D:3      | Found a deep blue altar of Sif Muna.
  2299 | D:4      | Reached XP level 6. HP: 32/42 MP: 6/6
  2404 | D:4      | Noticed Grinder
  2409 | D:4      | Paralysed by Grinder for 2 turns
  2412 | D:4      | Killed Grinder
  2412 | D:4      | Reached skill level 7 in Fighting
  2412 | D:4      | Reached XP level 7. HP: 28/48 MP: 7/7
  2637 | D:4      | Found an iron altar of Okawaru.
  2653 | D:4      | Became a worshipper of Warmaster Okawaru
  2682 | D:4      | Noticed kegs's ghost (amateur HOFi)
  2699 | D:4      | Killed kegs's ghost
  2699 | D:4      | Reached skill level 8 in Fighting
  2703 | D:4      | Reached * piety under Okawaru
  2890 | D:4      | Reached XP level 8. HP: 13/54 MP: 9/9
  3182 | D:4      | Found an iron altar of Okawaru.
  3182 | D:4      | Found a basalt altar of Yredelemnul.
  3655 | D:5      | Entered Level 5 of the Dungeon
  3656 | D:5      | Noticed Pikel
  3686 | D:5      | Killed Pikel
  3686 | D:5      | Reached ** piety under Okawaru
  3686 | D:5      | Reached skill level 9 in Fighting
  3686 | D:5      | Reached skill level 5 in Bows
  3687 | D:5      | Noticed Dowan
  3698 | D:5      | Noticed Duvessa
  3707 | D:5      | Killed Duvessa
  3707 | D:5      | Reached skill level 5 in Invocations
  3707 | D:5      | Reached XP level 9. HP: 44/60 MP: 10/12
  3709 | D:5      | Killed Dowan
  3709 | D:5      | Reached *** piety under Okawaru
  3808 | D:5      | Found an ancient bone altar of Kikubaaqudgha.
  4045 | D:5      | Splashed by a jelly's acid

Vault maps used:
D:1:      minmay_arrival_four_houses
D:2:      lemuel_upstairs_altar, tgw_trog, chequers_ecumenical_altar_grove,
          uniq_robin
D:3:      marbit_many_paths, first_ration, uniq_ijyb
D:4:      gammafunk_temple_overflow_wave, serial_bayou_pond_e,
          okawaru_ov_weapons_minmay, uniq_grinder
D:5:      nicolae_overflow_crystal_walls, uniq_menkaure, uniq_duvessa,
          uniq_eustachio, uniq_pikel

Skill      XL: |  1  2  3  4  5  6  7  8 |
---------------+-------------------------+-----
Fighting       | 4 5 6 7 8 9 |  9.4
Bows           | 1 3 4 6 |  6.2
Invocations    | 2 5 |  5.3
Long Blades    | |  1.7
Armour         | |  3.2
Shields        | |  3.2

Action                   |  1- 3 |  4- 6 |  7- 9 || total
-------------------------+-------+-------+-------++-------
Melee: Long sword        |    86 |   108 |   172 ||   366
       Punch             |       |       |     1 ||     1
Invok: Heroism           |       |       |     1 ||     1
  Use: Potion            |       |     1 |     2 ||     3
  Eat: Chunk             |     1 |     4 |     6 ||    11
Armor: Scale mail        |    63 |     1 |       ||    64
       Chain mail        |       |    79 |   121 ||   200
Dodge: Dodged            |    50 |    60 |    80 ||   190
       Rpst.: Long sword |    22 |    13 |    20 ||    55

Table legend:
 A = Spawn XP
 B = Non-spawn XP
 C = Spawn XP percentage of total XP
 D = Spawn monster count
 E = Non-spawn monster count
 F = Spawn count percentage of total count
 G = Total turns spent on level
                    A         B        C        D         E        F      G
               +---------+---------+-------+---------+---------+-------+---------
         Total |       0 |    2611 |   0.0 |       0 |      90 |   0.0 |  4045
               +---------+---------+-------+---------+---------+-------+---------
           D:1 |       0 |      31 |   0.0 |       0 |      16 |   0.0 |   555
           D:2 |       0 |      53 |   0.0 |       0 |      19 |   0.0 |   888
           D:3 |       0 |     189 |   0.0 |       0 |      21 |   0.0 |   592
           D:4 |       0 |    1278 |   0.0 |       0 |      23 |   0.0 |  1620
           D:5 |       0 |    1060 |   0.0 |       0 |      11 |   0.0 |   390
               +---------+---------+-------+---------+---------+-------+---------
